 Dungeon Crawl Stone Soup version 0.17-a0-1882-g750edc8 (webtiles) character file.

1599 4thArraOfDagon the Insei (level 8, 0/72 HPs)
             Began as a Naga Fire Elementalist on Sept 22, 2015.
             Slain by Erica
             ... wielding a +2 scimitar of flaming
              (2 damage)
             ... on level 9 of the Dungeon.
             The game lasted 00:12:50 (1740 turns).

4thArraOfDagon the Insei (Naga Fire Elementalist)   Turns: 1740, Time: 00:12:51

Health: 0/72       AC:  8    Str: 11    XL:     8   Next: 94%
Magic:  7/11       EV: 11    Int: 19    God:
Gold:   89         SH:  0    Dex: 12    Spells: 3 memorised, 3 levels left

rFire  . . .     SeeInvis +       - Unarmed
rCold  . . .     Clarity  .     a - +0 robe
rNeg   . . .     SustAt   .     (no shield)
rPois  +         Gourm    .     (no helmet)
rElec  .         Spirit   .     l - +0 cloak
rCorr  .         Warding  .     (no gloves)
rMut   .         Stasis   .     (no barding)
MR     +....                    i - amulet of faith
Stlth  ++........               (no ring)
                                f - ring of wizardry

@: very slightly contaminated, slowed, very slow, somewhat resistant to hostile
enchantments, unstealthy
A: iridescent scales 1, see invisible, clever 1, deformed body, poison
resistance, slowness 2, slow metabolism 1, spit poison 2, AC +2
a: Spit Poison


You were on level 9 of the Dungeon.
You were very hungry.

You visited 2 branches of the dungeon, and saw 10 of its levels.

You collected 89 gold pieces.

Inventory:

Armour
 a - a +0 robe (worn)
 l - a +0 cloak (worn)
Jewellery
 f - a ring of wizardry (left hand)
 i - an amulet of faith (around neck)
Magical devices
 e - a wand of disintegration (14)
 m - a wand of lightning (4)
 x - a wand of frost (21)
Scrolls
 h - a scroll of fear {unknown}
 o - 3 scrolls of remove curse {unknown}
 r - a scroll of enchant armour {unknown}
 s - a scroll of amnesia {unknown}
Potions
 n - a potion of magic {unknown}
 u - 2 potions of agility {unknown}
 v - a potion of heal wounds {unknown}
Books
 b - a book of Flames

   Spells                             Type                      Level
   a - Flame Tongue                   Conjuration/Fire             1
   b - Throw Flame                    Conjuration/Fire             2
   c - Conjure Flame                  Conjuration/Fire             3
   d - Inner Flame                    Hexes/Fire                   3
   e - Sticky Flame                   Conjuration/Fire             4
   f - Fireball                       Conjuration/Fire             5
 g - an Akashic Record

   Spells                             Type                      Level
   a - Dispersal                      Translocation                6
   b - Controlled Blink               Translocation                7
   c - Malign Gateway                 Summoning/Translocation      7
   d - Disjunction                    Translocation                8
 q - a book of Frost

   Spells                             Type                      Level
   a - Freeze                         Ice                          1
   b - Throw Frost                    Conjuration/Ice              2
   c - Ozocubu's Armour               Charms/Ice                   3
   d - Throw Icicle                   Conjuration/Ice              4
   e - Summon Ice Beast               Ice/Summoning                4
   f - Condensation Shield            Ice                          4
 t - a Young Poisoner's Handbook

   Spells                             Type                      Level
   a - Sting                          Conjuration/Poison           1
   b - Cure Poison                    Poison                       2
   c - Mephitic Cloud                 Conjuration/Poison/Air       3
   d - Olgreb's Toxic Radiance        Poison                       4
   e - Venom Bolt                     Conjuration/Poison           5
Comestibles
 c - 2 bread rations
 p - 2 meat rations
 w - a chunk of flesh


   Skills:
 - Level 4.3 Fighting
 + Level 4.9 Dodging
 - Level 3.0 Stealth
 * Level 7.8 Unarmed Combat
 - Level 2.0 Spellcasting
 - Level 2.1 Conjurations
 - Level 3.0 Fire Magic


You had 3 spell levels left.
You knew the following spells:

 Your Spells              Type           Power        Failure   Level  Hunger
a - Flame Tongue          Conj/Fire      ##...        3%          1    #......
b - Conjure Flame         Conj/Fire      ##......     7%          3    ###....
c - Sticky Flame          Conj/Fire      ##......     32%         4    #####..


Dungeon Overview and Level Annotations

Branches:
Dungeon (9/15)             Temple (1/1) D:7
   Lair: D:8-11         Orc: D:9-12

Altars:
Ashenzari
Dithmenos
Elyvilon
Fedhas
Gozag
Kikubaaqudgha
Makhleb
Okawaru
Ru
Sif Muna
Trog
Vehumet
Yredelemnul
The Shining One

Annotations:
D:5 exclusion: centaur
D:9 Erica


Innate Abilities, Weirdness & Mutations

You cannot wear boots.
Your serpentine skin is tough (AC +2).
You have supernaturally acute eyesight.
Armour fits poorly on your strangely shaped body.
Your system is resistant to poisons.
You cover ground very slowly.
You have a slow metabolism.
You can spit poison.
You are partially covered in iridescent scales (AC +4).
Your mind is acute. (Int +2)


Message History

* * * LOW HITPOINT WARNING * * *
Erica burns you.
* * * LOW HITPOINT WARNING * * *
Unknown command.
Unknown command.
Casting: Sticky Flame
Confirm with . or Enter, or press ? or * to list all spells.
Aiming: Sticky Flame
Press: ? - help, Shift-Dir - straight line, f/p - Erica
Aim: Erica, wielding a scimitar of flaming and wearing a runed robe (severely wounded)
The sticky flame hits Erica.
Erica resists.
Erica is severely wounded.
Erica is covered in liquid flames!
You are feeling very hungry.
You hear a bark!
Erica burns!
Erica hits you with a scimitar of flaming!
* * * LOW HITPOINT WARNING * * *
Erica burns you.
You die...

........# #.# .......#
#.# .......# #.#
.......# #.# ..h....#
#.# .......# #.#
...h@.Y# #.# .(....o#
#.# .....o.# #@#
.......#########@######
......o...†.....o.......
########################


You could see Erica (burning) and an orc.

Vanquished Creatures
  2 yaks
  2 ice beasts (D:9)
  2 sky beasts
  2 necrophages
  An ogre (D:8)
  A crocodile (D:8)
  2 giant frogs (D:6)
  A scorpion (D:9)
  2 jellies
  A hound (D:5)
  A giant frog zombie (D:7)
  3 orc priests (D:5)
  A centaur skeleton (D:9)
  An orc wizard (D:5)
  3 worker ants
  A hound skeleton (D:5)
  3 adders
  An adder skeleton (D:7)
  3 adder zombies
  2 worms
  5 orcs
  A goblin (D:2)
  A quokka (D:6)
  A bat (D:9)
  2 kobolds (D:2)
  A quokka skeleton (D:6)
  A quokka zombie (D:5)
47 creatures vanquished.

Vanquished Creatures (others)
  An orc (D:9)
  26 fungi (D:9)
  3 plants (D:9)
30 creatures vanquished.

Grand Total: 77 creatures vanquished

Notes
Turn   | Place    | Note
--------------------------------------------------------------
     0 | D:1      | 4thArraOfDagon the Naga Fire Elementalist began the quest for the Orb.
     0 | D:1      | Reached XP level 1. HP: 15/15 MP: 3/3
   111 | D:2      | Reached skill level 1 in Unarmed Combat
   111 | D:2      | Reached XP level 2. HP: 19/22 MP: 0/5
   172 | D:4      | Reached XP level 3. HP: 27/30 MP: 4/6
   178 | D:4      | Learned a level 3 spell: Conjure Flame
   213 | D:4      | Reached skill level 1 in Fighting
   243 | D:4      | Reached XP level 4. HP: 36/38 MP: 3/7
   265 | D:5      | Entered Level 5 of the Dungeon
   275 | D:5      | Noticed a centaur
   302 | D:5      | Reached XP level 5. HP: 30/45 MP: 0/8
   309 | D:5      | Noticed a sky beast
   377 | D:5      | Learned a level 4 spell: Sticky Flame
   412 | D:6      | Reached XP level 6. HP: 16/54 MP: 3/9
   445 | D:5      | Killed a sky beast
   445 | D:5      | Reached skill level 4 in Unarmed Combat
   453 | D:5      | Gained mutation: You are partially covered in iridescent scales (AC +4). [mutagenic meat]
   454 | D:5      | Gained mutation: Your mind is acute. (Int +2) [mutagenic meat]
   479 | D:4      | Noticed a phantom
   809 | D:6      | Noticed a centaur
   878 | D:5      | Found a blossoming altar of Fedhas.
   927 | D:6      | Reached XP level 7. HP: 56/62 MP: 5/10
   979 | D:7      | Found an ancient bone altar of Kikubaaqudgha.
  1056 | D:7      | Reached skill level 5 in Unarmed Combat
  1095 | D:7      | Found a staircase to the Ecumenical Temple.
  1104 | Temple   | Entered the Ecumenical Temple
  1155 | D:7      | Noticed a yak
  1165 | D:7      | Killed a yak
  1190 | D:7      | Reached skill level 6 in Unarmed Combat
  1190 | D:7      | Reached XP level 8. HP: 59/72 MP: 3/11
  1539 | D:9      | Reached skill level 7 in Unarmed Combat
  1635 | D:9      | Found a sacrificial altar of Ru.
  1690 | D:9      | Noticed Erica
  1740 | D:9      | HP: 2/72 [Erica/scimitar of flaming (10)]
  1740 | D:9      | Slain by Erica

Vault maps used:
D:1:      onia_arrival_larder
D:2:      lemuel_coloured_pillars_altar, minmay_tree_intersection,
          serial_park_tiny_pond, minivault_23, uniq_robin, uniq_jessica,
          uniq_iyjb
D:3:      nicolae_overflow_quartered_altars, lemuel_old_faithful
D:4:      portal_sewer_entry_b, nicolae_ossuary_entry_giza, first_bread,
          uniq_blork_the_orc
D:5:      overflow_temple_1_default, fedhas_altar_4, uniq_menkaure
D:7:      nicolae_overflow_crystal_walls, minmay_temple_entry_junction2,
          the_bakery, nicolae_tso_carved_into_rock
D:8:      kennysheep_kite_vault, uniq_pikel, uniq_joseph
D:9:      minmay_goldmine, due_lair_maze_entry_diamond,
          nicolae_ru_path_of_blood, uniq_erica
Temple:   circular_temple_12

Action                   |  1- 3 |  4- 6 |  7- 9 || total
-------------------------+-------+-------+-------++-------
Melee: Unarmed           |       |    19 |    75 ||    94
 Cast: Flame Tongue      |    12 |    39 |    22 ||    73
       Sticky Flame      |       |     2 |     7 ||     9
       Conjure Flame     |       |     1 |    11 ||    12
 Abil: Spit Poison       |    11 |    14 |    15 ||    40
  Use: Scroll            |       |     3 |     1 ||     4
       Potion            |       |     1 |     4 ||     5
  Eat: Chunk             |       |     5 |     2 ||     7
       Bread ration      |       |       |     1 ||     1
